 Dungeon Sprint DCSS version 0.22-a0-425-g89d60a1 (webtiles) character file.

709 raistware the Basher (level 7, 0/105 HPs)
             Began as an Ogre Berserker on May 24, 2018.
             Was an Elder of Trog.
             Slain by an eight-headed hydra (6 damage)
             ... in the Dungeon (Sprint IX: "|||||||||||||||||||||||||||||").
             The game lasted 00:03:23 (374 turns).

raistware the Basher (Ogre Berserker)                Turns: 374, Time: 00:03:24

Health: 0/105      AC:  3    Str: 29    XL:     7   Next: 68%
Magic:  1/7        EV: 10    Int: 11    God:    Trog [****..]
Gold:   0          SH:  0    Dex: 11    Spells: 6/6 levels left

rFire    . . .     SeeInvis .   n - +2 morningstar of Arrival {pain, +Fly}
rCold    . . .     Gourm    .   (no shield)
rNeg     . . .     Faith    .   b - +0 animal skin
rPois    .         Spirit   .   (helmet restricted)
rElec    .         Reflect  .   (no cloak)
rCorr    .         Harm     .   (gloves unavailable)
MR       .....     NoTele   +   (boots unavailable)
Stlth    ..........             (no amulet)
HPRegen  0.27/turn              a - +3 ring of dexterity
MPRegen  0.10/turn              o - +3 ring of intelligence

@: berserking, very quick
A: large, unfitting armour, tough skin 1
a: Berserk, Trog's Hand, Brothers in Arms, Renounce Religion, Evoke Flight


You were in the Dungeon.
You worshipped Trog.
Trog was greatly pleased with you.
You were not hungry.

You visited 1 branch

Inventory:

Hand Weapons
 n - the +2 morningstar of Arrival (weapon) {pain, +Fly}
   (You found it in the Dungeon)

   In the hands of one skilled in necromantic magic, it inflicts extra damage on
   living creatures.
   It lets you fly.
Armour
 b - a +0 animal skin (worn)
Jewellery
 a - a +3 ring of dexterity (left hand)
 o - a +3 ring of intelligence (right hand)
Wands
 m - a wand of iceblast (10)
Scrolls
 i - 2 scrolls of blinking
 l - 3 scrolls of remove curse
Potions
 d - 5 potions of curing
 e - a potion of heal wounds
 g - 4 potions of magic
Comestibles
 c - a ration
 j - 6 chunks of flesh


   Skills:
 - Level 4.0 Fighting
 + Level 14.4 Maces & Flails
 - Level 2.6 Dodging


You had 6 spell levels left.
You didn't know any spells.
Your spell library was empty.

Dungeon Overview and Level Annotations

Branches:
Dungeon (1/1)

Altars:
Cheibriados
Dithmenos
Elyvilon
Fedhas
Gozag
Hepliaklqana
Kikubaaqudgha
Makhleb
Nemelex Xobeh
Okawaru
Qazlal
Ru
Sif Muna
Trog
Uskayaw
Vehumet
Wu Jian
Xom
Yredelemnul
Zin
The Shining One
Beogh
Jiyva
Lugonu


Innate Abilities, Weirdness & Mutations

You are too large for most types of armour.
You have tough skin. (AC +1)


Message History

You bludgeon the komodo dragon!!
You kill the komodo dragon!
Trog accepts your kill.
Your Maces & Flails skill increases to level 14!
You barely miss the eight-headed hydra. You barely miss the eight-headed hydra.
The eight-headed hydra bites you! The eight-headed hydra bites you.
The eight-headed hydra bites you! x2
The eight-headed hydra closely misses you.
The eight-headed hydra bites you!
* * * LOW HITPOINT WARNING * * *
The eight-headed hydra bites you.
* * * LOW HITPOINT WARNING * * *
The eight-headed hydra bites you!
* * * LOW HITPOINT WARNING * * *
You thump the eight-headed hydra!
The eight-headed hydra is moderately wounded.
You barely miss the eight-headed hydra.
The eight-headed hydra is moderately wounded.
The eight-headed hydra bites you.
You die...

▓.▓
▓(▓
▓)▓
▓.▓
▓.▓
▓.▓
▓.▓
▓.▓
▓@▓
▓D▓
▓C▓
▓J▓
▓y▓
▓.▓
▓.▓
▓.▓


You could see an eight-headed hydra, a cyclops, a hornet and a jelly.

Vanquished Creatures
  A komodo dragon (D)
  An eye of draining (D)
  A sky beast (D)
  A centaur (D)
  A bullfrog (D)
  A killer bee (D)
  A crimson imp (D)
  A hound (D)
  An iguana (D)
  A worker ant (D)
  An orc (D)
  A bat (D)
  A hobgoblin (D)
  2 frilled lizards (D)
  A jackal skeleton (D)
  A jackal zombie (D)
  A kobold (D)
18 creatures vanquished.

Vanquished Creatures (others)
  A spatial maelstrom (D)
1 creature vanquished.

Grand Total: 19 creatures vanquished

Notes
Turn   | Place    | Note
-------+----------+-------------------------------------------
     0 | D        | raistware the Ogre Berserker began the quest for the Orb.
     0 | D        | Reached XP level 1. HP: 24/24 MP: 1/1
     4 | D        | Banished a spatial maelstrom
     7 | D        | Reached skill level 3 in Maces & Flails
    14 | D        | Reached ** piety under Trog
    18 | D        | Reached skill level 4 in Maces & Flails
    26 | D        | Noticed an iguana
    26 | D        | Noticed a worker ant
    26 | D        | Noticed a crimson imp
    32 | D        | Killed an iguana
    32 | D        | Reached skill level 6 in Maces & Flails
    32 | D        | Reached XP level 2. HP: 32/32 MP: 2/2
    32 | D        | Reached XP level 3. HP: 39/39 MP: 3/3
    34 | D        | Reached *** piety under Trog
    39 | D        | Reached skill level 7 in Maces & Flails
    40 | D        | Received a gift from Trog
    40 | D        | Reached skill level 8 in Maces & Flails
    40 | D        | Reached XP level 4. HP: 48/48 MP: 4/4
    49 | D        | Found a roughly hewn altar of Beogh.
    49 | D        | Found a snail-covered altar of Cheibriados.
    49 | D        | Found a shadowy altar of Dithmenos.
    49 | D        | Found a white marble altar of Elyvilon.
    49 | D        | Found a blossoming altar of Fedhas.
    49 | D        | Found an opulent altar of Gozag.
    50 | D        | Found a hazy altar of Hepliaklqana.
    51 | D        | Found a viscous altar of Jiyva.
    52 | D        | Found an ancient bone altar of Kikubaaqudgha.
    53 | D        | Found a corrupted altar of Lugonu.
    54 | D        | Found a burning altar of Makhleb.
    55 | D        | Found a sparkling altar of Nemelex Xobeh.
    56 | D        | Found an iron altar of Okawaru.
    57 | D        | Found a stormy altar of Qazlal.
    58 | D        | Found a sacrificial altar of Ru.
    59 | D        | Found a deep blue altar of Sif Muna.
    60 | D        | Found a bloodstained altar of Trog.
    61 | D        | Found a hide-covered altar of Uskayaw.
    62 | D        | Found a radiant altar of Vehumet.
    63 | D        | Found an ornate altar of the Wu Jian Council.
    64 | D        | Found a shimmering altar of Xom.
    65 | D        | Found a basalt altar of Yredelemnul.
    66 | D        | Found a glowing silver altar of Zin.
    67 | D        | Found a glowing golden altar of the Shining One.
    84 | D        | Got the +2 morningstar of Arrival {pain, +Fly}
    96 | D        | Noticed a sky beast
    96 | D        | Noticed a centaur
    96 | D        | Noticed a bullfrog
   108 | D        | Killed a sky beast
   108 | D        | Reached skill level 10 in Maces & Flails
   108 | D        | Reached XP level 5. HP: 27/54 MP: 5/5
   112 | D        | Reached **** piety under Trog
   112 | D        | Reached skill level 11 in Maces & Flails
   114 | D        | Reached XP level 6. HP: 28/62 MP: 6/6
   124 | D        | Reached skill level 12 in Maces & Flails
   356 | D        | Noticed an eye of draining
   356 | D        | Noticed a komodo dragon
   356 | D        | Noticed an eight-headed hydra
   356 | D        | Noticed a cyclops
   356 | D        | Noticed a hornet
   359 | D        | Killed an eye of draining
   359 | D        | Reached skill level 13 in Maces & Flails
   359 | D        | Reached XP level 7. HP: 61/70 MP: 0/7
   370 | D        | Killed a komodo dragon
   370 | D        | Reached skill level 14 in Maces & Flails
   374 | D        | Slain by an eight-headed hydra

Vault maps used:
D:        linesprint

Skill      XL: |  1  2  3  4  5  6  7 |
---------------+----------------------+-----
Maces & Flails | 6 8 10 11 13 14 | 14.4
Fighting       | |  4.0
Dodging        | |  2.6

Action                   |  1- 3 |  4- 6 |  7- 9 || total
-------------------------+-------+-------+-------++-------
Melee: Mace              |    24 |       |       ||    24
       Morningstar       |       |    27 |    14 ||    41
Invok: Berserk           |     1 |     1 |       ||     2
       Trog's Hand       |     1 |     1 |       ||     2
  Use: Potion            |       |     4 |     1 ||     5
 Stab: Invisible         |       |     1 |       ||     1
  Eat: Chunk             |       |     1 |       ||     1
Armor: Animal skin       |     5 |     2 |       ||     7
Dodge: Dodged            |    11 |     9 |     4 ||    24

Table legend:
 A = Spawn XP
 B = Non-spawn XP
 C = Spawn XP percentage of total XP
 D = Spawn monster count
 E = Non-spawn monster count
 F = Spawn count percentage of total count
 G = Total turns spent on level
                    A         B        C        D         E        F      G
               +---------+---------+-------+---------+---------+-------+---------
         Total |       0 |    1014 |   0.0 |       0 |      18 |   0.0 |   374
               +---------+---------+-------+---------+---------+-------+---------
             D |       0 |    1014 |   0.0 |       0 |      18 |   0.0 |   374
               +---------+---------+-------+---------+---------+-------+---------
